 Dungeon Crawl Stone Soup version 0.31-a0-705-ga145531891 (webtiles) character file.

Game seed: 10234889477541454211

21 Bravepunisher the Ducker (level 2, -1/15 (16) HPs)
             Began as a Spriggan Monk on Sept 9, 2023.
             Slain by a bullfrog (8 damage)
             ... on level 6 of the Dungeon.
             The game lasted 00:02:50 (619 turns).

Bravepunisher the Ducker (Spriggan Monk)             Turns: 619, Time: 00:02:51

HP:   -1/15 (16)    AC:  2    Str:  7    XL:     2   Next: 65%
MP:   3/3           EV: 19    Int: 11    God:
Gold: 36            SH:  0    Dex: 17    Spells: 1/1 levels left

rFire   . . .        a - +0 short sword
rCold   . . .        d - orb {light}
rNeg    . . .        b - +0 robe
rPois   .            (helmet restricted)
rElec   .            (no cloak)
rCorr   .            (gloves unavailable)
SInv    +            (boots unavailable)
Will    .....        l - amulet of regeneration
Stlth   +            (no ring)
HPRegen 1.02/turn    (no ring)
MPRegen 0.08/turn

%: no passive effects
@: marked, glowing, drained, very quick
A: very small, no large weapons, unfitting armour, see invisible, speed 3
a: no special abilities


You were on level 6 of the Dungeon.
You visited 1 branch of the dungeon, and saw 6 of its levels.

You collected 36 gold pieces.

Inventory:

Hand Weapons
 a - a +0 short sword (weapon)
Armour
 b - a +0 robe (worn)
 d - an orb of light (worn)
Jewellery
 h - an amulet of guardian spirit
 l - an amulet of regeneration (around neck)
Wands
 i - a wand of light (10)
Scrolls
 e - a scroll of poison {unknown}
 g - a scroll of identify {unknown}
 k - a scroll of enchant weapon {unknown}
Potions
 c - a potion of ambrosia
 f - a potion of invisibility {unknown}
 j - a potion of berserk rage {unknown}


   Skills:
 + Level 2.7 Fighting
 - Level 3.2 Short Blades
 * Level 5.0 Dodging


You had one spell level left.
You didn't know any spells.
Your spell library was empty.

Dungeon Overview and Level Annotations

Branches:
Dungeon (6/15)
 Temple: D:4-7

Altars:

Shops:
D:4 *   D:5 (

Annotations:
D:4 Edmund


Innate Abilities, Weirdness & Mutations

You are very small and have problems with some larger weapons.
You are too small for most types of armour.
You have supernaturally acute eyesight. (SInv)
You cover ground extremely quickly. (Speed+++)


Message History

Found a triangular peridot amulet.
There is a stone staircase leading up here.
l - an amulet of regeneration You start putting on your amulet.
You continue putting on your amulet of regeneration. x5
You finish putting on your amulet of regeneration.
The amulet throbs as it attunes itself to your uninjured body.
l - an amulet of regeneration (around neck)
Okay, then.
Okay, then.
Okay, then.
Okay, then.
Found 8 stones.
A malevolent force fills the Dungeon...
With a horrendous wail, an alarm goes off!
A sentinel's mark forms upon you.
You hear a bark!
You hear a shout!
You hear an angry hiss.
You hear an angry growl.
You hear a shout! x5; You hear an angry hiss.
You hear a shout!
Found a glowing silvery potion.
A scorpion comes into view.
The scorpion moves out of view.
An orc comes into view. It is wielding a +0 trident.
A hound comes into view.
A phantom opens the door.
Found a scroll labelled WEOC IGUXKU.
A bullfrog comes into view.
The bullfrog hits you but does no damage.
There is an open door here.
The bullfrog hits you. The bullfrog completely misses you.
The phantom hits you. The bullfrog attacks as it pursues you!
The bullfrog hits you. The phantom attacks as it pursues you!
The phantom barely misses you. The bullfrog attacks as it pursues you!
The bullfrog hits you.
* * * LOW HITPOINT WARNING * * *
You see here a scroll labelled WEOC IGUXKU.
The bullfrog attacks as it pursues you! The bullfrog closely misses you.
The bullfrog hits you!
Ouch! That really hurt!
You die...

#############
#...........###
#.............#
####...W.........#
#..........?##...#
#....F......+ .###
#....@..s...# +.#
#......h....#
#.###
#...........#
#.#..
##########'##
#.#.. #.#####
#.#..
#.....###....
##.......####
#......(+
######.......##.#


You could see a phantom, a bullfrog, a scorpion and a hound.

Vanquished Creatures
  An orc (D:4)
  3 ball pythons
  3 endoplasms
  2 goblins
  5 hobgoblins
  A bat (D:1)
  A rat (D:1)
16 creatures vanquished.

Notes
Turn   | Place    | Note
-------+----------+-------------------------------------------
     0 | D:1      | Bravepunisher the Spriggan Monk began the quest for the
                  | Orb.
     0 | D:1      | Reached XP level 1. HP: 11/11 MP: 2/2
   104 | D:2      | Identified the +7 dagger of Geilacoc {venom, rF+ Str-5
                  | Dex+4}
   194 | D:3      | Reached XP level 2. HP: 16/16 MP: 3/3
   316 | D:4      | Noticed a howler monkey
   319 | D:4      | Noticed Edmund
   383 | D:5      | Entered Level 5 of the Dungeon
   413 | D:4      | Noticed a scorpion
   443 | D:4      | Noticed a phantom
   494 | D:4      | Found Weicu's General Store.
   526 | D:4      | Reached skill level 5 in Dodging
   567 | D:5      | Found Icounir's Antique Weapon Shoppe.
   596 | D:6      | Noticed a scorpion
   606 | D:6      | Noticed a bullfrog
   606 | D:6      | Noticed a phantom
   619 | D:6      | Slain by a bullfrog

Illustrated notes

Levels and vault maps discovered:
D:1:      tekkud_arrival_beachfront_property, layout_rooms,
          hellmonk_ecumenical_altar_lost_god, minmay_misc_feat_enclosed,
          minmay_octomino_e4
D:2:      layout_basic, minmay_crystal_room
D:3:      layout_rooms, tso_oasis_becter, serial_shops,
          nicolae_shop_gaudy_bauble
D:4:      layout_loops_ring, serial_shops, shop, minmay_misc_feat_roman,
          uniq_edmund
D:5:      layout_gridville, minmay_temple_entry_mist, serial_shops, shop
D:6:      layout_basic

Skill      XL: |  1  2 |
---------------+-------+-----
Dodging        | 5 |  5.0
Fighting       | |  2.7
Short Blades   | |  3.2

Action                     || total
---------------------------++-------
  Melee: Short sword       ||    51
 Armour: Robe              ||    13
  Dodge: Dodged            ||    52

Table legend: (Time is in decaauts)
 A = Elapsed time spent in this place.
 B = Non-inter-level travel time spent in this place.
 C = Inter-level travel time spent in this place.
 D = Time resting spent in this place.
 E = Time spent auto-exploring this place.
 F = Levels seen in this place.
 G = Mean time per level.
                   A        B        C        D        E       F      G
               +--------+--------+--------+--------+--------+-----+--------+
         Total |    397 |    397 |      0 |      0 |    145 |   6 |   66.2 |
       Dungeon |    397 |    397 |      0 |      0 |    145 |   6 |   66.2 |
               +--------+--------+--------+--------+--------+-----+--------+

Top non-repeatable levels by time:
     D:4: 188 daAuts
     D:2: 64 daAuts
     D:1: 55 daAuts
     D:5: 41 daAuts
     D:6: 26 daAuts
     D:3: 21 daAuts
